 Dungeon Crawl Stone Soup version 0.28-a0-1199-gef9e1dbd39 (webtiles) character file.

Game seed: 17337755658564577266

132676 1994 the Cruncher (level 17, 0/109 HPs)
             Began as a Tengu Venom Mage on Dec 19, 2021.
             Was the Champion of Okawaru.
             Slain by a faun (16 damage)
             ... on level 4 of the Shoals.
             The game lasted 01:38:44 (28603 turns).

1994 the Cruncher (Tengu Venom Mage)               Turns: 28603, Time: 01:38:45

Health: 0/109      AC: 20    Str: 15    XL:     17   Next: 13%
Magic:  28/30      EV: 28    Int: 16    God:    Okawaru [******]
Gold:   1531       SH:  0    Dex: 24    Spells: 17/33 levels left

rFire   . . .      SeeInvis .   a - +4 lajatang (spect)
rCold   + + .      Faith    .   (shield currently unavailable)
rNeg    . . .      Spirit   .   H - +0 scale mail of Immorality {+Blink rElec Will+}
rPois   .          Reflect  .   K - +2 hat
rElec   +          Harm     .   z - +0 cloak
rCorr   .          Rampage  .   x - +0 pair of gloves
Will    ++...                   (boots unavailable)
Stlth   +++.......              V - amulet of Laugro {rC++ Regen+ Dex+4}
HPRegen 1.08/turn               Q - +6 ring of dexterity
MPRegen 0.22/turn               p - +4 ring of protection

@: heroic, flying quickly and evasively, quick
A: beak, talons 3, nimble flight, dopey 1
a: Renounce Religion, Evoke Blink, Heroism, Finesse, Duel


You were on level 4 of the Shoals.
You worshipped Okawaru.
Okawaru was exalted by your worship.
You visited 5 branches of the dungeon, and saw 28 of its levels.

You collected 3549 gold pieces.
You spent 2018 gold pieces at shops.

Inventory:

Hand Weapons
 a - a +4 spectral lajatang (weapon)
 b - a +4 lajatang of flaming
 e - the +5 spear "Qiezxud" {flame, +Blink Str+2 Dex+2}
   (You found it on level 5 of the Lair of Beasts)

   It burns those it strikes, dealing additional fire damage.
   Str:       It affects your strength (+2).
   Dex:       It affects your dexterity (+2).
   +Blink:    It lets you blink.
Missiles
 d - 926 stones
 w - 8 throwing nets
 S - 13 curare-tipped darts
Armour
 q - a +4 ring mail of fire resistance
 r - +0 acid dragon scales
 x - a +0 pair of gloves (worn)
 z - a +0 cloak (worn)
 B - a +4 ring mail of willpower
 H - the +0 scale mail of Immorality (worn) {+Blink rElec Will+}
   (You found it on level 2 of the Shoals)

   rElec:     It insulates you from electricity.
   +Blink:    It lets you blink.
   Will:      It increases your willpower.
 K - a +2 hat (worn)
 U - +1 shadow dragon scales
 Y - a +1 robe of cold resistance
Magical Staves
 u - a staff of conjuration
 N - a staff of fire
 Z - a staff of cold
Jewellery
 k - a ring of see invisible
 n - a ring of ice
 p - a +4 ring of protection (right hand)
 E - a +6 ring of intelligence
 Q - a +6 ring of dexterity (left hand)
 V - the amulet of Laugro (around neck) {rC++ Regen+ Dex+4}
   (You found it on level 6 of the Lair of Beasts)

   [amulet of regeneration]

   Dex:       It affects your dexterity (+4).
   rC:        It greatly protects you from cold.
   Regen:     It increases your rate of health regeneration.
Wands
 f - a wand of iceblast (2)
 G - a wand of flame (13)
 I - a wand of paralysis (24)
 P - a wand of acid (17)
Scrolls
 c - 2 scrolls of silence
 g - 3 scrolls of fog
 l - 4 scrolls of holy word
 o - 4 scrolls of magic mapping
 s - 3 scrolls of blinking
 y - 4 scrolls of immolation
 F - 5 scrolls of fear
 J - 11 scrolls of teleportation
 L - 3 scrolls of vulnerability
 X - 8 scrolls of identify
Potions
 h - 5 potions of curing
 i - 4 potions of heal wounds
 j - 2 potions of attraction
 m - 4 potions of resistance
 t - 7 potions of mutation
 v - 2 potions of magic
 A - 6 potions of haste
 C - 3 potions of brilliance
 D - 2 potions of invisibility
 M - a potion of berserk rage
 O - a potion of lignification
 R - a potion of ambrosia
 T - 3 potions of might


   Skills:
 * Level 13.3(18.3) Fighting
 - Level 14.0(19.0) Staves
 * Level 13.1(18.1) Armour
 * Level 14.0(19.0) Dodging
 - Level 2.0(7.0) Stealth
 + Level 8.9 Spellcasting
 - Level 6.0 Conjurations
 - Level 4.0 Translocations
 - Level 1.0 Transmutations
 - Level 4.0 Fire Magic
 - Level 5.0 Air Magic
 - Level 9.0 Poison Magic
 + Level 8.4 Invocations


You had 17 spell levels left.
You knew the following spells:

 Your Spells              Type           Power      Damage    Failure   Level
a - Sting                 Tmut/Pois      92%        1d7       3%          1
b - Poisonous Vapours     Pois/Air       58%        N/A       1%          2
c - Mephitic Cloud        Conj/Pois/Air  28%        N/A       4%          3
d - Olgreb's Toxic Radia  Pois           35%        N/A       6%          4
e - Blink                 Tloc           38%        N/A       7%          2
f - Sticky Flame          Conj/Fire      23%        2d4       30%         4

Your spell library contained the following spells:

 Spells                   Type           Power      Damage    Failure   Level
 Static Discharge         Conj/Air       24%        N/A       3%          2
 Gell's Gravitas          Tloc           19%        N/A       14%         3
 Teleport Other           Tloc           19%        N/A       14%         3
 Slow                     Hex            28%        N/A       24%         1
 Wereblood                Tmut           10%        N/A       24%         2
 Airstrike                Air            11%        N/A       30%         4
 Ensorcelled Hibernation  Hex/Ice        14%        N/A       36%         2
 Sublimation of Blood     Necr           7%         N/A       36%         2
 Lightning Bolt           Conj/Air       12%        1d25      56%         5
 Confusing Touch          Hex            7%         N/A       58%         3
 Vampiric Draining        Necr           7%         2d6       58%         3
 Manifold Assault         Tloc           19%        N/A       78%         5
 Dispel Undead            Necr           7%         3d8       94%         4
 Dispersal                Tloc           9%         N/A       100%        6
 Storm Form               Tmut/Air       8%         N/A       100%        7
 Tukima's Dance           Hex            Unusable   N/A       N/A         3
 Summon Lightning Spire   Summ/Air       Unusable   N/A       N/A         4
 Summon Hydra             Summ           Unusable   N/A       N/A         7

Dungeon Overview and Level Annotations

Branches:
Dungeon (15/15)            Temple (1/1) D:4            Lair (6/6) D:8
 Shoals (4/4) Lair:4       Spider (0/4) Lair:4        Slime (0/5) Lair:6
    Orc (2/2) D:11            Elf (0/3) Orc:2        Vaults (0/5) D:13
 Depths (0/4) D:15

Altars:
Ashenzari
Cheibriados
Dithmenos
Elyvilon
Fedhas
Gozag
Hepliaklqana
Kikubaaqudgha
Makhleb
Nemelex Xobeh
Okawaru
Qazlal
Ru
Sif Muna
Trog
Uskayaw
Vehumet
Wu Jian
Xom
Yredelemnul
Zin
The Shining One

Shops:
D:10 *   D:11 ?   D:13 ?   Orc:2 ((*!   Shoals:2 ?*

Annotations:
Lair:6 2 transporters, Suxt's ghost, journeyman DjFE
Shoals:3 3 runed translucent doors, Taisar's ghost, adept SpEn


Innate Abilities, Weirdness & Mutations

You have a beak for a mouth.
You have claws for feet.
Your magical nature lets you fly swiftly and evasively.
You are dopey. (Int -2)


Message History

Unknown command.
Unknown command.
Unknown command.
Unknown command.
You barely miss the wind drake. Your peck misses the wind drake.
Your +4 spectral lajatang hits the wind drake!!
The faun shoots a sling bullet.
The sling bullet completely misses you.
Unknown command.
Unknown command.
Unknown command.
You slash the wind drake!
The wind drake is heavily wounded.
Your +4 spectral lajatang hits the wind drake!!
The faun shoots a sling bullet.
The sling bullet closely misses you.
Unknown command.
Unknown command.
You catch the helpless wind drake completely off-guard!
You hit the wind drake.
You kill the wind drake!
Okawaru accepts your kill.
The faun shoots a sling bullet.
The sling bullet misses you.
Unknown command.
Unknown command.
The faun shoots a sling bullet.
The sling bullet hits you but does no damage.
A wind drake comes into view.
The wind drake hisses angrily.
The faun shoots a sling bullet.
The sling bullet completely misses you. The wind drake flaps its wings at you.
The air twists around and strikes you!
* * * LOW HITPOINT WARNING * * *
Unknown command.
Unknown command.
You feel better.
The faun shoots a sling bullet.
The sling bullet closely misses you.
Unknown command.
You feel your willpower return.
The faun unwields a +0 hunting sling.
The faun wields a +0 quarterstaff.
The faun hits you with a +0 quarterstaff!
You die...

#####################
≈≈≈≈≈≈≈≈≈≈###≈≈≈≈≈≈≈≈
≈≈≈≈≈≈≈≈≈≈#≈#≈≈≈≈≈≈≈≈
≈≈≈≈≈≈≈≈≈≈≈≈≈≈≈≈≈≈≈≈≈
≈≈≈≈≈≈≈≈≈≈≈≈≈≈≈≈≈≈≈≈≈
≈≈≈≈≈≈≈≈≈≈≈≈≈≈≈≈≈≈≈≈≈
≈≈≈≈≈≈≈≈≈≈≈≈)..≈PP..≈
≈≈≈≈≈≈≈≈≈≈≈...#..≈≈P#
≈≈≈≈≈≈≈≈≈≈.@..#..P≈≈#
≈≈≈≈≈≈≈≈≈...c..P...≈≈
≈≈≈≈≈≈≈≈≈........k.≈≈
≈≈≈≈≈≈.....P....).≈≈≈P≈≈≈≈
≈≈≈≈≈≈.......#.....c...≈≈≈
≈≈≈≈≈≈≈......#.... ..P..≈≈
≈≈≈≈≈≈≈.....# ...P #....≈
......≈....# ...#....≈
P.......≈


You could see a wind drake (repels missiles) and a faun.

Vanquished Creatures
  Rupert (Orc:2)
  Polyphemus (Shoals:2)
  Gastronok (D:9)
  Ilsuiw (Shoals:2)
  The ghost of fly the Wallflower, an adept FoDe of Uskayaw (D:14)
  An orc warlord (Orc:2)
  4 dire elephants (Lair:6)
  A spark wasp (shapeshifter) (D:15)
  Snorg (Orc:2)
  2 merfolk javelineers
  The ghost of Gilette the Grappler, a journeyman TrHu of Makhleb (Lair:1)
  2 merfolk impalers
  Fannar (Lair:3)
  3 boulder beetles
  9 hydras
  3 centaur warriors
  An ogre mage (D:15)
  2 catoblepae
  3 merfolk aquamancers
  2 dancing weapons (D:13)
  12 death yaks
  2 merfolk avatars
  A satyr (Shoals:4)
  An alligator snapping turtle (Shoals:3)
  13 two-headed ogres
  An orc high priest (Orc:2)
  4 skeletal warriors (D:13)
  2 spectral death yaks
  The ghost of tensugalgo the Archer, a novice BaAM of Okawaru (D:6)
  A spectral anaconda (Lair:6)
  8 sea snakes
  Pikel (D:6)
  A spectral hydra (Lair:1)
  2 obsidian statues
  3 necromancers (Lair:6)
  4 harpies (Shoals:2)
  An ugly thing (D:13)
  13 fauns
  An orc knight (Orc:1)
  6 orc sorcerers
  4 slime creatures
  12 manticores
  A salamander (D:15)
  7 cyclopes
  3 elephants (Lair:6)
  3 black mambas
  A water nymph (Shoals:1)
  3 merfolk sirens
  A black mamba (shapeshifter) (D:15)
  A torpor snail (Lair:6)
  3 gargoyles
  7 cane toads
  An unseen horror (D:10)
  Psyche (D:9)
  3 rime drakes
  Maggie (D:6)
  A komodo dragon (shapeshifter) (D:14)
  4 kobold demonologists (D:10)
  5 komodo dragons
  A freezing wraith (D:15)
  A hornet (D:9)
  A polar bear (Lair:6)
  9 trolls
  6 wind drakes
  28 merfolk
  35 blink frogs
  11 dream sheep
  5 snapping turtles
  A spectral elephant (Lair:6)
  A vampire (D:12)
  A shadow (D:10)
  6 wyverns
  79 yaks
  6 water elementals
  2 basilisks
  A fire bat (shapeshifter) (D:14)
  2 vampire mosquitoes (D:12)
  A steam dragon (D:6)
  A spectral cane toad (Lair:1)
  A death yak simulacrum (Lair:6)
  7 wargs
  3 acid dragons
  20 water moccasins
  3 ice beasts
  6 black bears
  26 orc warriors
  2 sky beasts
  2 necrophages
  6 wolves
  10 centaurs
  9 ogres
  3 black mamba simulacra (Lair:1)
  A phantom (D:6)
  4 kobold brigands
  2 lemures
  11 bullfrogs
  4 scorpions
  2 cane toad simulacra (Lair:6)
  2 water moccasin zombies
  A wyvern skeleton (D:6)
  An elephant simulacrum (Lair:6)
  3 wights (D:8)
  A howler monkey (D:12)
  An electric eel (Lair:6)
  4 centaur zombies
  4 quasits (D:6)
  A bullfrog zombie (D:7)
  18 orc priests
  4 hounds
  A jelly (D:6)
  2 gnoll shamans
  2 iguanas
  26 orc wizards
  4 hell rats (Lair:3)
  13 gnolls
  A howler monkey skeleton (D:5)
  5 adders
  A white imp (D:7)
  2 ufetubi (D:5)
  2 worms
  2 dart slugs
  67 orcs
  8 ball pythons
  4 endoplasms
  3 giant cockroaches
  10 goblins
  8 hobgoblins
  3 jackals (D:5)
  23 kobolds
  A quokka (D:4)
  A bat (D:2)
  3 frilled lizards
  4 rats
  A bush (D:7)
738 creatures vanquished.

Vanquished Creatures (others)
  19 fungi
  176 plants
  14 withered plants (Lair:6)
209 creatures vanquished.

Grand Total: 947 creatures vanquished

Notes
Turn   | Place    | Note
-------+----------+-------------------------------------------
     0 | D:1      | 1994 the Tengu Venom Mage began the quest for the Orb.
     0 | D:1      | Reached XP level 1. HP: 10/10 MP: 4/4
   374 | D:1      | Found a faded altar of an unknown god.
   413 | D:1      | Reached XP level 2. HP: 12/16 MP: 4/6
   554 | D:1      | Reached skill level 1 in Staves
  1256 | D:2      | Learned a level 2 spell: Poisonous Vapours
  1317 | D:2      | Reached skill level 1 in Fighting
  1418 | D:2      | Reached skill level 1 in Transmutations
  1418 | D:2      | Reached skill level 1 in Air Magic
  1418 | D:2      | Reached XP level 3. HP: 13/20 MP: 2/7
  2140 | D:2      | Reached XP level 4. HP: 15/25 MP: 1/8
  3077 | D:3      | You fall into a shaft and drop 1 floor!
  3133 | D:4      | Learned a level 3 spell: Mephitic Cloud
  3279 | D:4      | Gained mutation: Your magical nature lets you fly swiftly
                  | and evasively. [Tengu growth]
  3279 | D:4      | Reached XP level 5. HP: 13/30 MP: 6/9
  3409 | D:4      | Reached skill level 1 in Conjurations
  3445 | D:4      | Found a staircase to the Ecumenical Temple.
  3569 | Temple   | Entered the Ecumenical Temple
  4301 | Temple   | Became a worshipper of Warmaster Okawaru
  4906 | D:5      | Entered Level 5 of the Dungeon
  5049 | D:5      | Noticed a necrophage
  5120 | D:5      | Reached XP level 6. HP: 36/36 MP: 3/10
  5305 | D:5      | Reached * piety under Okawaru
  5385 | D:5      | Noticed a water moccasin
  5618 | D:4      | Killed a necrophage
  5619 | D:4      | Reached XP level 7. HP: 37/40 MP: 10/12
  6024 | D:6      | Reached ** piety under Okawaru
  6114 | D:6      | Noticed Maggie
  6178 | D:5      | Reached skill level 1 in Invocations
  6261 | D:6      | Killed Maggie
  6262 | D:6      | Reached XP level 8. HP: 37/47 MP: 1/13
  6851 | D:6      | Reached skill level 5 in Air Magic
  6851 | D:6      | Reached skill level 5 in Poison Magic
  6884 | D:6      | Learned a level 4 spell: Olgreb's Toxic Radiance
  6945 | D:6      | Found a transporter.
  6965 | D:6      | Found a transporter.
  6969 | D:6      | Noticed tensugalgo's ghost (novice BaAM)
  6983 | D:6      | Reached *** piety under Okawaru
  6984 | D:6      | Reached skill level 5 in Conjurations
  7092 | D:7      | Reached XP level 9. HP: 30/52 MP: 11/15
  7126 | D:7      | Reached skill level 5 in Staves
  7151 | D:6      | Noticed Pikel
  7153 | D:6      | Noticed a two-headed ogre
  7190 | D:6      | Killed a two-headed ogre
  7190 | D:6      | Reached **** piety under Okawaru
  7191 | D:6      | Reached skill level 5 in Fighting
  7647 | D:6      | Killed Pikel
  7647 | D:6      | Received a gift from Okawaru
  7648 | D:6      | Reached skill level 1 in Armour
  7648 | D:6      | Reached skill level 5 in Dodging
  8072 | D:7      | Reached XP level 10. HP: 60/60 MP: 17/17
  9053 | D:8      | Reached ***** piety under Okawaru
  9064 | D:8      | Learned a level 2 spell: Blink
  9427 | D:8      | Found a staircase to the Lair.
  9601 | D:8      | Reached XP level 11. HP: 56/66 MP: 1/19
 10198 | D:9      | Noticed a five-headed hydra
 10213 | D:8      | Received a gift from Okawaru
 10214 | D:8      | Reached skill level 5 in Spellcasting
 10361 | D:9      | Noticed Psyche
 10377 | D:9      | Killed Psyche
 10475 | D:9      | Found an opulent altar of Gozag.
 10503 | D:9      | Received a gift from Okawaru
 10504 | D:9      | Reached skill level 5 in Armour
 10578 | D:9      | Reached ****** piety under Okawaru
 10725 | D:9      | Noticed Gastronok
 10853 | D:8      | Killed a one-headed hydra
 10854 | D:8      | Reached skill level 1 in Translocations
 11041 | D:9      | Killed Gastronok
 11041 | D:9      | Received a gift from Okawaru
 11221 | D:10     | Entered Level 10 of the Dungeon
 11242 | D:10     | Found Vuupnilu's General Store.
 11250 | D:10     | Bought a scroll of noise for 12 gold pieces
 11264 | D:10     | Gained mutation: You have hidden genetic defects. [a
                  | neqoxec]
 11288 | D:10     | Lost mutation: You have hidden genetic defects. [potion of
                  | mutation]
 11288 | D:10     | Gained mutation: You sometimes lose the ability to read
                  | scrolls when taking damage. [potion of mutation]
 11289 | D:10     | Lost mutation: You sometimes lose the ability to read
                  | scrolls when taking damage. [potion of mutation]
 11289 | D:10     | Gained mutation: You are dopey. (Int -2) [potion of
                  | mutation]
 11340 | D:10     | Noticed a two-headed ogre
 11354 | D:10     | Killed a two-headed ogre
 11355 | D:10     | Reached XP level 12. HP: 73/73 MP: 7/21
 11885 | D:11     | Received a gift from Okawaru
 12099 | D:11     | Noticed a two-headed ogre
 12111 | D:11     | Killed a two-headed ogre
 12199 | D:11     | Found a staircase to the Orcish Mines.
 12213 | D:11     | Noticed a two-headed ogre
 12223 | D:11     | Killed a two-headed ogre
 12478 | D:11     | Found Idawiy Fauv's Magic Scroll Emporium.
 12493 | D:11     | Bought a scroll of immolation for 49 gold pieces
 12779 | D:6      | Reached skill level 5 in Invocations
 12782 | D:6      | Killed tensugalgo's ghost
 12905 | Lair:1   | Entered Level 1 of the Lair of Beasts
 13066 | Lair:1   | Noticed a four-headed hydra
 13075 | Lair:1   | Killed a one-headed hydra
 13076 | Lair:1   | Reached XP level 13. HP: 66/80 MP: 21/23
 13114 | Lair:1   | Found a runed translucent gate.
 13114 | Lair:1   | Found a runed translucent gate.
 13115 | Lair:1   | Found a runed translucent gate.
 13118 | Lair:1   | Noticed Gilette's ghost (journeyman TrHu)
 13119 | Lair:1   | You are sucked into a shaft and drop 1 floor!
 13257 | Lair:2   | Received a gift from Okawaru
 13438 | Lair:2   | Reached skill level 10 in Staves
 13852 | Lair:1   | Identified the +2 short sword "Ixucudap" {vorpal, rC+
                  | Str+4}
 15161 | Lair:3   | Noticed Fannar
 15180 | Lair:3   | Killed Fannar
 15474 | Lair:4   | Reached skill level 10 in Dodging
 15541 | Lair:4   | Found a staircase to the Shoals.
 15697 | Lair:4   | Found a hole to the Spider Nest.
 16400 | Lair:5   | Received a gift from Okawaru
 16474 | Lair:5   | Reached skill level 10 in Fighting
 16633 | Lair:5   | Identified the +8 rapier "Leopp" {holy, *Rage rN+ rCorr
                  | Str+2}
 16692 | Lair:5   | Identified the +5 spear "Qiezxud" {flame, +Blink Str+2
                  | Dex+2}
 17001 | Lair:6   | Entered Level 6 of the Lair of Beasts
 17026 | Lair:6   | Reached XP level 14. HP: 62/88 MP: 22/25
 17386 | Lair:6   | Identified the +2 longbow "Goblinslayer" {venom, rCorr}
                  | (Okawaru gifted it to you on level 6 of the Lair of Beasts)
 17386 | Lair:6   | Received a gift from Okawaru
 17453 | Lair:6   | Found a staircase to the Slime Pits.
 17586 | Lair:6   | Noticed a dire elephant
 17586 | Lair:6   | Noticed a dire elephant
 17587 | Lair:6   | Noticed a dire elephant
 17644 | Lair:6   | Learned a level 4 spell: Sticky Flame
 17729 | Lair:6   | Received a gift from Okawaru
 17742 | Lair:6   | Identified the amulet "Ynagus" {Rampage Will- Regen+ Str+6
                  | Int-5}
 17786 | Lair:6   | Noticed a dire elephant
 17796 | Lair:6   | Killed a dire elephant
 17797 | Lair:6   | Reached skill level 1 in Fire Magic
 17799 | Lair:6   | Reached skill level 10 in Armour
 18071 | Lair:6   | Found a transporter.
 18077 | Lair:6   | Noticed Suxt's ghost (journeyman DjFE)
 18100 | Lair:6   | Found a transporter.
 18104 | Lair:6   | Received a gift from Okawaru
 18508 | Lair:6   | Killed a dire elephant
 18540 | Lair:6   | Killed a dire elephant
 18646 | Lair:6   | Killed a dire elephant
 18852 | Lair:6   | Identified the amulet of Laugro {rC++ Regen+ Dex+4}
 19061 | Lair:1   | Killed Gilette's ghost
 19348 | D:12     | Received a gift from Okawaru
 19453 | D:12     | Reached XP level 15. HP: 94/94 MP: 23/27
 20432 | D:13     | Identified the +0 robe "Acayroz" {Rampage rF+ rC- Archmagi}
 20440 | D:13     | Identified the +0 leather armour "Inol" {Contam Fly rElec
                  | rCorr}
 20593 | D:13     | Found a gate to the Vaults.
 20810 | D:13     | Found Kityonkoig's Magic Scroll Shoppe.
 20819 | D:13     | Bought a scroll of enchant weapon for 90 gold pieces
 20821 | D:13     | Bought a scroll of silence for 90 gold pieces
 20823 | D:13     | Bought a scroll of magic mapping for 42 gold pieces
 20823 | D:13     | Bought a scroll of torment for 90 gold pieces
 20823 | D:13     | Bought a scroll of vulnerability for 90 gold pieces
 20878 | D:14     | Found a snail-covered altar of Cheibriados.
 20957 | D:14     | Found a runed translucent door.
 20957 | D:14     | Noticed fly's ghost (adept FoDe)
 21052 | D:14     | Identified a scroll of acquirement
 21061 | D:14     | Acquired 1058 gold pieces
 21274 | D:14     | Identified the +4 long sword of Hotil {freeze, rC+ Stlth+}
 21529 | D:14     | Killed fly's ghost
 21529 | D:14     | Received a gift from Okawaru
 21595 | D:15     | Entered Level 15 of the Dungeon
 22320 | D:15     | Found a burning altar of Makhleb.
 22392 | D:15     | Found a staircase to the Depths.
 22896 | Orc:1    | Entered Level 1 of the Orcish Mines
 23198 | Orc:2    | Entered Level 2 of the Orcish Mines
 23198 | Orc:2    | Noticed Snorg
 23207 | Orc:2    | Killed Snorg
 23259 | Orc:2    | Found a staircase to the Elven Halls.
 23319 | Orc:2    | Noticed an orc warlord
 23323 | Orc:2    | Paralysed by an orc sorcerer for 7 turns
 23359 | Orc:2    | Killed an orc warlord
 23517 | Orc:2    | Noticed Rupert
 23531 | Orc:2    | Killed Rupert
 23531 | Orc:2    | Received a gift from Okawaru
 23532 | Orc:2    | Reached XP level 16. HP: 95/101 MP: 26/29
 23722 | Orc:2    | Found Fyffiga's Weapon Boutique.
 23722 | Orc:2    | Found Vips's Antique Weapon Boutique.
 23736 | Orc:2    | Found Wawnukloa's Distillery.
 23736 | Orc:2    | Found Qausoenuok's Assorted Antiques.
 23812 | Orc:2    | Bought a potion of magic for 112 gold pieces
 23813 | Orc:2    | Bought a steaming scale mail for 288 gold pieces
 23813 | Orc:2    | Identified the +1 scale mail "Oludghana" {Int+4} (You
                  | bought it in a shop on level 2 of the Orcish Mines)
 23826 | Orc:2    | Bought a scroll of teleportation for 96 gold pieces
 23826 | Orc:2    | Bought a scroll of blinking for 240 gold pieces
 23827 | Orc:2    | Bought a +4 lajatang of pain for 654 gold pieces
 24689 | Shoals:1 | Entered Level 1 of the Shoals
 25653 | Shoals:2 | Found Jewuguodue's Magic Scroll Emporium.
 25658 | Shoals:2 | Bought a scroll of enchant weapon for 82 gold pieces
 25658 | Shoals:2 | Bought a scroll of fear for 38 gold pieces
 25887 | Shoals:2 | Found Juonad's CLEARANCE SALE!.
 25949 | Shoals:2 | Bought a scroll of blinking for 45 gold pieces
 25978 | Shoals:2 | Noticed Ilsuiw
 26048 | Shoals:2 | Killed Ilsuiw
 26144 | Shoals:2 | Noticed Polyphemus
 26313 | Shoals:1 | Received a gift from Okawaru
 26395 | Shoals:2 | Killed Polyphemus
 26738 | Shoals:2 | Identified the +0 scale mail of Immorality {+Blink rElec
                  | Will+}
 27238 | Shoals:3 | Identified the +0 robe "Gohin" {rElec Will++ rCorr MP-9}
                  | (Okawaru gifted it to you on level 3 of the Shoals)
 27238 | Shoals:3 | Received a gift from Okawaru
 27603 | Shoals:3 | Found a runed translucent gate.
 27604 | Shoals:3 | Found a runed translucent gate.
 27605 | Shoals:3 | Found a runed translucent gate.
 27611 | Shoals:3 | Noticed Taisar's ghost (adept SpEn)
 28083 | Shoals:4 | Entered Level 4 of the Shoals
 28149 | Shoals:4 | Reached XP level 17. HP: 107/108 MP: 30/30
 28601 | Shoals:4 | HP: 4/109 [wind drake/the air (16)]
 28603 | Shoals:4 | Slain by a faun

Illustrated notes

Levels and vault maps discovered:
D:1:      dpeg_arrival_round_b, layout_loops_corners,
          hellmonk_ecumenical_altar_crossroads, minmay_cut_off
D:2:      wad_lake_hut, layout_basic
D:3:      layout_basic
D:4:      layout_basic, minmay_temple_entry_purple_smoke, serial_corexii_hall,
          corexii_hall_statues_t, chequers_hall_statues_wall_a, minivault_11
D:5:      layout_basic
D:6:      layout_gridville, gammafunk_ghost_stat_death, st_stairs_13,
          nicolae_lava_and_water, minmay_misc_feat_rugged, minmay_crossroads,
          uniq_pikel, uniq_maggie
D:7:      corexii_shack_village, layout_gridville, kb_lookout_dungeons_type,
          mrwooster_statue_mirror, minmay_misc_feat_room
D:8:      layout_basic, minmay_lair_entry_grove
D:9:      layout_irregular_city, mainiacjoe_overflow_six_doors_small,
          uniq_psyche, uniq_gastronok
D:10:     layout_basic, serial_shops, nicolae_stop_n_shop_2
D:11:     layout_cave_pools, david_orc_1_choice, serial_shops,
          nicolae_square_shop
D:12:     layout_long_grid
D:13:     layout_loops_ring, erik_vaults_1, serial_shops, shop,
          minmay_protected_statue
D:14:     layout_long_grid, minivault_27, hellmonk_ghost_happy_afterlife,
          cheibriados_altar_1
D:15:     hangedman_depths_entry_try_elsewhere_first, layout_layer_cave,
          bloody_makhleb
Temple:   nicolae_temple_the_god_donut
Lair:1:   layout_cave_pods, gammafunk_ghost_necromancy, grunt_megastairs_2,
          infiniplex_staircase_pool_2
Lair:2:   layout_hall_layers, serial_bayou_crossing
Lair:3:   layout_regular_city, uniq_fannar
Lair:4:   layout_long_grid, elwin_shoals_entry_rocks,
          spider_nest_entry_web_field
Lair:5:   layout_small_grid
Lair:6:   due_jungle_book, layout_misc_corridors, slime_dummy,
          nzn_ghost_randoct, serial_bayou_shore_a
Shoals:1: layout_shoals
Shoals:2: layout_shoals, serial_shops, nicolae_shop_hallway_plus,
          nicolae_shop_clearance, uniq_ilsuiw, uniq_polyphemus
Shoals:3: layout_shoals, gammafunk_ghost_tricky_traps,
          nicolae_shoals_wave_tunnel
Shoals:4: shoals_end_grunt_garden, layout_shoals, nicolae_shoals_mertower
Orc:1:    layout_caves
Orc:2:    st_orc_mages, layout_caves, uniq_snorg, uniq_rupert

Skill      XL: |  1  2  3  4  5  6  7  8  9 10 11 12 13 14 15 16 17 |
---------------+----------------------------------------------------+-----
Staves         | 1 2 3 4 6 7 8 9 10 12 13 14 | 14.0
Fighting       | 1 2 3 4 5 6 7 8 10 11 12 13 | 13.3
Transmutations | 1 |  1.0
Air Magic      | 1 2 3 4 5 |  5.0
Conjurations   | 1 2 4 5 6 |  6.0
Dodging        | 3 4 5 6 7 9 10 11 12 13 14 | 14.0
Poison Magic   | 4 5 6 7 8 9 |  9.0
Spellcasting   | 3 4 5 6 7 8 |  8.9
Invocations    | 1 2 3 4 5 6 7 8 |  8.4
Armour         | 2 4 6 7 9 10 11 12 13 | 13.1
Translocations | 2 4 |  4.0
Fire Magic     | 3 4 |  4.0
Stealth        | |  2.0

Action                   |  1- 3 |  4- 6 |  7- 9 | 10-12 | 13-15 | 16-18 || total
-------------------------+-------+-------+-------+-------+-------+-------++-------
Melee: Dagger            |    29 |    42 |       |       |       |       ||    71
       Kick              |     4 |     8 |    29 |   146 |   287 |   202 ||   676
       Peck              |     4 |     8 |    22 |    92 |   180 |   127 ||   433
       Flail             |       |    23 |   148 |   261 |       |       ||   432
       Lajatang          |       |       |       |   166 |   594 |   414 ||  1174
       Scimitar          |       |       |       |    12 |    14 |       ||    26
       Quarterstaff      |       |       |       |       |    16 |       ||    16
 Cast: Sting             |    21 |    64 |    45 |    24 |       |       ||   154
       Poisonous Vapours |     3 |    18 |    36 |    57 |    50 |    34 ||   198
       Mephitic Cloud    |       |       |     3 |     2 |     1 |     9 ||    15
       Olgreb's Toxic Ra |       |       |     1 |    28 |    28 |    14 ||    71
       Blink             |       |       |       |     1 |       |     2 ||     3
       Sticky Flame      |       |       |       |       |     1 |       ||     1
Invok: Heroism           |       |       |     2 |       |     1 |     1 ||     4
  Use: Scroll            |       |     7 |       |     4 |    14 |     3 ||    28
       Potion            |       |       |     1 |     2 |     1 |     2 ||     6
 Stab: Sleeping          |     4 |     2 |     1 |     3 |     4 |       ||    14
       Distracted        |       |       |     1 |     2 |    17 |    13 ||    33
       Confused          |       |       |       |       |       |     3 ||     3
Armor: Robe              |     4 |    13 |     7 |       |       |       ||    24
       Steam dragon scal |       |       |    28 |       |       |       ||    28
       Acid dragon scale |       |       |    17 |   183 |    95 |       ||   295
       Ring mail         |       |       |       |       |    24 |    40 ||    64
       Scale mail        |       |       |       |       |       |    26 ||    26
Dodge: Dodged            |    11 |    47 |   138 |   359 |   523 |   315 ||  1393

Table legend: (Time is in decaauts)
 A = Elapsed time spent in this place.
 B = Non-inter-level travel time spent in this place.
 C = Inter-level travel time spent in this place.
 D = Time resting spent in this place.
 E = Time spent auto-exploring this place.
 F = Levels seen in this place.
 G = Mean time per level.
                   A        B        C        D        E       F      G
               +--------+--------+--------+--------+--------+-----+--------+
         Total |  26643 |  24964 |   1679 |   3788 |  13802 |  28 |  951.5 |
       Dungeon |  15159 |  14313 |    846 |   2243 |   7824 |  15 | 1010.6 |
        Temple |    671 |    635 |     36 |      0 |    617 |   1 |  671.0 |
          Lair |   5802 |   5290 |    512 |    646 |   3066 |   6 |  967.0 |
        Shoals |   3565 |   3445 |    120 |    751 |   1608 |   4 |  891.2 |
  Orcish Mines |   1444 |   1282 |    162 |    146 |    685 |   2 |  722.0 |
               +--------+--------+--------+--------+--------+-----+--------+

Top non-repeatable levels by time:
     D:8: 1674 daAuts
  Lair:6: 1554 daAuts
     D:5: 1482 daAuts
     D:1: 1215 daAuts
     D:4: 1213 daAuts
     D:2: 1198 daAuts
Shoals:1: 1167 daAuts
     D:6: 1126 daAuts
Shoals:3: 1107 daAuts
  Lair:1: 1077 daAuts
    D:15: 1073 daAuts
     D:7: 1052 daAuts
Shoals:2: 997 daAuts
  Lair:5: 992 daAuts
   Orc:2: 909 daAuts
